 Dungeon Crawl Stone Soup version 0.28-a0-1412-gf95308ed99 (webtiles) character file.

Game seed: 11087379567521867714

2512 Hasart the Summoner (level 9, -6/45 HPs)
             Began as a Kobold Summoner on Jan 7, 2022.
             Mangled by a komodo dragon (30 damage)
             ... on level 8 of the Dungeon.
             The game lasted 00:19:33 (11375 turns).

Hasart the Summoner (Kobold Summoner)              Turns: 11375, Time: 00:19:34

Health: -6/45      AC:  3    Str: 11    XL:     9   Next: 83%
Magic:  27/28      EV: 15    Int: 20    God:
Gold:   379        SH:  0    Dex: 16    Spells: 9/21 levels left

rFire   . . .      SeeInvis .   u - +5 spear (spect)
rCold   . . .      Faith    .   (no shield)
rNeg    . . .      Spirit   .   a - +1 robe
rPois   .          Reflect  .   (no helmet)
rElec   .          Harm     .   (no cloak)
rCorr   .          Rampage  .   (no gloves)
Will    .....                   (no boots)
Stlth   +++.......              (no amulet)
HPRegen 0.15/turn               d - +6 ring of strength
MPRegen 0.21/turn               w - ring of magical power

@: no status effects
A: small, no large weapons, nightstalker 3
a: no special abilities


You were on level 8 of the Dungeon.
You visited 1 branch of the dungeon, and saw 8 of its levels.

You collected 379 gold pieces.

Inventory:

Hand Weapons
 u - a +5 spectral spear (weapon)
Armour
 a - a +1 robe (worn)
Jewellery
 d - a +6 ring of strength (left hand)
 w - a ring of magical power (right hand)
Scrolls
 f - 7 scrolls of teleportation
 i - a scroll of fear
 j - 2 scrolls of identify
 n - a scroll of brand weapon
Potions
 b - 3 potions of attraction
 c - 2 potions of brilliance {unknown}
 g - 4 potions of curing
 h - 2 potions of heal wounds {unknown}
 m - 3 potions of might {unknown}
 o - 2 potions of mutation {unknown}
 q - 2 potions of flight {unknown}
 r - a potion of degeneration {unknown}
 t - a potion of cancellation {unknown}
 x - a potion of haste {unknown}


   Skills:
 - Level 2.4 Dodging
 - Level 2.6 Stealth
 + Level 6.9 Spellcasting
 * Level 10.3 Summonings
 + Level 5.0 Air Magic


You had 9 spell levels left.
You knew the following spells:

 Your Spells              Type           Power      Damage    Failure   Level
a - Call Imp              Summ           48%        N/A       1%          2
c - Call Canine Familiar  Summ           48%        N/A       1%          3
d - Summon Lightning Spi  Summ/Air       37%        N/A       4%          4
e - Swiftness             Air            27%        N/A       3%          3

Your spell library contained the following spells:

 Spells                   Type           Power      Damage    Failure   Level
 Summon Small Mammal      Summ           100%       N/A       1%          1
 Shock                    Conj/Air       68%        1d7       3%          1
 Summon Guardian Golem    Hex/Summ       27%        N/A       3%          3
 Slow                     Hex            24%        N/A       10%         1
 Airstrike                Air            13%        N/A       12%         4
 Summon Ice Beast         Ice/Summ       27%        N/A       12%         4
 Ensorcelled Hibernation  Hex/Ice        12%        N/A       14%         2
 Passwall                 Tmut/Erth      5%         N/A       14%         2
 Confusing Touch          Hex            6%         N/A       28%         3
 Dazzling Flash           Conj/Hex       12%        N/A       28%         3
 Frozen Ramparts          Ice            12%        1d3       28%         3
 Spider Form              Tmut/Pois      6%         N/A       28%         3
 Vampiric Draining        Necr           6%         2d6       28%         3
 Ice Form                 Ice/Tmut       6%         N/A       67%         4
 Iskenderun's Mystic Bla  Conj/Tloc      6%         2d4       67%         4
 Starburst                Conj/Fire      3%         6d3       100%        6


Dungeon Overview and Level Annotations

Branches:
Dungeon (8/15)
 Temple: D:4-7         Lair: D:8-11

Altars:
Ashenzari
Dithmenos
Kikubaaqudgha
Makhleb
Ru
Xom
Yredelemnul

Shops:
D:2 ?   D:3 (

Annotations:
D:5 3 runed translucent doors, p0werm0de's ghost, novice MiCK


Innate Abilities, Weirdness & Mutations

You are small and have problems with some larger weapons.
You are completely attuned to the shadows.


Message History

You now have 379 gold pieces (gained 10).
Items here: )) [[.
You see here a +0 trident.
You open the door.
There is an open door here.
You pick up a book of Dreams and begin reading...
You add the spells Ensorcelled Hibernation and Spider Form to your library.
You open the door.
There is an open door here.
There is an open door here.
A komodo dragon comes into view.
Found a ring mail and 15 gold pieces.
Found an escape hatch in the floor.
The komodo dragon hisses angrily.
You reach to attack!
You barely miss the komodo dragon.
Your +5 spectral spear hits the komodo dragon but does no damage.
You hit the komodo dragon but do no damage.
Your +5 spectral spear hits the komodo dragon.
The komodo dragon bites you!
Unknown command.
Casting: Summon Lightning Spire (dangerous; 4% risk of failure)
Confirm with . or Enter, or press ? or * to list all spells.
The komodo dragon bites you!!
* * * LOW HITPOINT WARNING * * *
Unknown command.
Your wolf closely misses the komodo dragon.
Your wolf completely misses the komodo dragon.
Your wolf bites the komodo dragon!
Your wolf bites the komodo dragon.
Your wolf bites the komodo dragon but does no damage.
Your wolf bites the komodo dragon.
Your wolf bites the komodo dragon but does no damage.
Your wolf bites the komodo dragon but does no damage.
Casting: Call Canine Familiar (safe; 1% risk of failure)
Confirm with . or Enter, or press ? or * to list all spells.
Okay, then.
You aren't carrying any items that you can evoke.
You feel better.
Your wolf bites the komodo dragon!
The komodo dragon bites you!!
Ouch! That really hurt!
You die...

..#............#........#
[............<.#..[...###
.................)..###
#.............##..######
.........#.##...#......#
....##...#..##..######'#
...# #..h...#...#≈≈≈≈≈##
... ##.l...#...#....≈ $>
#..@..####.#....≈ ##....#
#.#....≈ ##.### #.'#####
### ####


You could see a komodo dragon (ally target) and a friendly wolf (summoned).

Vanquished Creatures
  A troll (D:7)
  An ogre (D:6)
  A hornet zombie (D:7)
  A wyvern skeleton (D:6)
  A wight (D:6)
  A howler monkey (D:6)
  A centaur zombie (D:5)
  A hound (D:7)
  A scorpion zombie (D:5)
  A killer bee zombie (D:6)
  A hound skeleton (D:3)
  A howler monkey skeleton (D:5)
  An adder (D:3)
  A shadow imp (D:6)
  An ufetubus (D:3)
  An adder zombie (D:5)
  A dart slug (D:4)
  8 orcs
  8 bats
  4 endoplasms
  A giant cockroach (D:3)
  4 goblins
  4 hobgoblins
  A quokka (D:1)
  4 ball pythons
  3 frilled lizards
  2 kobolds (D:1)
  8 rats
64 creatures vanquished.

Vanquished Creatures (collateral kills)
  A hornet (D:8)
  2 steam dragons
  A water moccasin (D:4)
  An orc warrior (D:5)
  2 sky beasts
  A black bear (D:4)
  3 centaurs
  A necrophage (D:7)
  Blork the orc (D:4)
  A water moccasin skeleton (D:7)
  3 wights (D:6)
  2 hounds (D:5)
  A jelly (D:5)
  A bullfrog skeleton (D:6)
  An iguana (D:6)
  3 orc priests (D:5)
  An orc wizard (D:8)
  A hound zombie (D:5)
  An adder (D:3)
  A worm (D:3)
  5 orcs (D:5)
  3 ball pythons (D:1)
  An endoplasm (D:1)
  A hobgoblin (D:1)
  2 quokkas (D:1)
  A frilled lizard (D:1)
42 creatures vanquished.

Grand Total: 106 creatures vanquished

Notes
Turn   | Place    | Note
-------+----------+-------------------------------------------
     0 | D:1      | Hasart the Kobold Summoner began the quest for the Orb.
     0 | D:1      | Reached XP level 1. HP: 10/10 MP: 3/3
   478 | D:1      | Reached XP level 2. HP: 5/15 MP: 3/5
   490 | D:1      | Learned a level 2 spell: Call Imp
  1131 | D:1      | Found a faded altar of an unknown god.
  1313 | D:1      | Reached XP level 3. HP: 16/19 MP: 4/6
  1775 | D:2      | Learned a level 3 spell: Call Canine Familiar
  1983 | D:2      | Found Oduczos's Magic Scroll Boutique.
  2182 | D:2      | Found a burning altar of Makhleb.
  2637 | D:3      | Reached XP level 4. HP: 15/24 MP: 8/8
  2788 | D:3      | Reached skill level 5 in Summonings
  2841 | D:3      | Found Kesireuzu's Antique Weapon Boutique.
  3056 | D:3      | Found a shadowy altar of Dithmenos.
  4079 | D:4      | Noticed a water moccasin
  4099 | D:4      | Killed a water moccasin
  4100 | D:4      | Reached skill level 6 in Summonings
  4100 | D:4      | Reached XP level 5. HP: 9/28 MP: 1/10
  4100 | D:4      | Reached XP level 6. HP: 11/32 MP: 1/11
  4333 | D:4      | Noticed Blork the orc
  4345 | D:4      | Killed Blork the orc
  4442 | D:4      | Noticed a black bear
  4457 | D:4      | Killed a black bear
  4628 | D:4      | Reached skill level 7 in Summonings
  4628 | D:4      | Reached XP level 7. HP: 11/36 MP: 8/13
  4915 | D:4      | Learned a level 4 spell: Summon Lightning Spire
  4919 | D:4      | Learned a level 3 spell: Swiftness
  5089 | D:5      | Entered Level 5 of the Dungeon
  5133 | D:5      | Found a runed translucent gate.
  5245 | D:5      | Found a runed translucent gate.
  5246 | D:5      | Found a runed translucent gate.
  5248 | D:5      | Noticed p0werm0de's ghost (novice MiCK)
  5806 | D:5      | Reached skill level 1 in Air Magic
  6513 | D:5      | Reached skill level 5 in Spellcasting
  6513 | D:5      | Reached XP level 8. HP: 28/41 MP: 5/15
  6775 | D:5      | Found a basalt altar of Yredelemnul.
  6856 | D:5      | Reached skill level 8 in Summonings
  7873 | D:6      | Found a burning altar of Makhleb.
  8308 | D:6      | Found a sacrificial altar of Ru.
  8455 | D:6      | Reached skill level 9 in Summonings
  8455 | D:6      | Reached XP level 9. HP: 22/45 MP: 7/17
  9122 | D:6      | Found an ancient bone altar of Kikubaaqudgha.
  9418 | D:6      | Found a shimmering altar of Xom.
  9419 | D:6      | Found a broken altar of Ashenzari.
  9937 | D:7      | Noticed a troll
  9954 | D:7      | Killed a troll
 10328 | D:7      | Reached skill level 10 in Summonings
 10749 | D:8      | Noticed a hornet
 10756 | D:8      | Paralysed by a hornet for 2 turns
 10760 | D:8      | Killed a hornet
 10761 | D:8      | Reached skill level 5 in Air Magic
 11358 | D:8      | Noticed a komodo dragon
 11375 | D:8      | Mangled by a komodo dragon

Illustrated notes

Levels and vault maps discovered:
D:1:      evilmike_arrival_rings, layout_basic, ebering_ecumenical_altar_mist,
          minmay_indecisive_spiral
D:2:      layout_loops_ring, serial_shops, shop, basic_altar
D:3:      layout_basic, nicolae_dithmenos_the_darkroom, serial_shops, shop,
          minmay_misc_feat_plants, grunt_ministairs_12
D:4:      layout_cave_pools, uniq_blork_the_orc
D:5:      layout_basic, mainiacjoe_overflow_boulevard,
          minmay_temple_entry_from_below_a, ebering_ghost_rock_garden
D:6:      layout_loops_corners, gammafunk_temple_overflow_statue,
          mainiacjoe_overflow_alcove_1, mainiacjoe_overflow_catwalk_spiral
D:7:      layout_loops_ring
D:8:      layout_cave_pools, serial_rivers, chequers_serial_rivers_micro_d,
          chequers_serial_rivers_micro_a, chequers_serial_rivers_micro_c,
          chequers_serial_rivers_marsh, chequers_serial_rivers_room_a

Skill      XL: |  1  2  3  4  5  6  7  8  9 |
---------------+----------------------------+-----
Summonings     | 6 7 9 10 | 10.3
Spellcasting   | 3 4 5 6 |  6.9
Air Magic      | 2 3 5 |  5.0
Dodging        | |  2.4
Stealth        | |  2.6

Action                   |  1- 3 |  4- 6 |  7- 9 || total
-------------------------+-------+-------+-------++-------
Melee: Unarmed           |    17 |       |       ||    17
       Club              |    30 |       |       ||    30
       Dagger            |    44 |       |       ||    44
       Punch             |     3 |       |     1 ||     4
       Hand axe          |    18 |    53 |    81 ||   152
       Spear             |       |       |    60 ||    60
 Cast: Summon Small Mamm |     4 |       |       ||     4
       Call Imp          |     4 |     6 |     7 ||    17
       Call Canine Famil |       |     7 |    37 ||    44
       Summon Lightning  |       |       |     8 ||     8
  Use: Scroll            |       |       |    11 ||    11
       Potion            |       |       |     2 ||     2
 Stab: Sleeping          |     8 |    12 |    15 ||    35
       Distracted        |       |     1 |     1 ||     2
Armor: Robe              |    13 |    10 |    11 ||    34
Dodge: Dodged            |    96 |    39 |   126 ||   261

Table legend: (Time is in decaauts)
 A = Elapsed time spent in this place.
 B = Non-inter-level travel time spent in this place.
 C = Inter-level travel time spent in this place.
 D = Time resting spent in this place.
 E = Time spent auto-exploring this place.
 F = Levels seen in this place.
 G = Mean time per level.
                   A        B        C        D        E       F      G
               +--------+--------+--------+--------+--------+-----+--------+
         Total |  11435 |  11196 |    239 |   2522 |   7291 |   8 | 1429.4 |
       Dungeon |  11435 |  11196 |    239 |   2522 |   7291 |   8 | 1429.4 |
               +--------+--------+--------+--------+--------+-----+--------+

Top non-repeatable levels by time:
     D:5: 2468 daAuts
     D:6: 2113 daAuts
     D:1: 1777 daAuts
     D:4: 1359 daAuts
     D:3: 1227 daAuts
     D:7: 1225 daAuts
     D:2: 853 daAuts
     D:8: 410 daAuts
